 Dungeon Crawl Stone Soup version 0.31-a0-1074-g0b22e4e0f1 (webtiles) character file.

Game seed: 3635354281520685152

3267156 bmb222 the Conqueror (level 27, 92/224 HPs)
             Began as a Barachi Hunter on Dec 2, 2023.
             Was a High Priest of Cheibriados.
             Escaped with the Orb
             ... and 5 runes!
             The game lasted 02:44:44 (68497 turns).

bmb222 the Conqueror (Barachi Hunter)              Turns: 68497, Time: 02:44:44

Health: 92/224     AC: 50    Str: 25    XL:     27
Magic:  34/34      EV: 32    Int: 23    God:    Cheibriados [*****.]
Gold:   1612       SH:  0    Dex: 38    Spells: 45/57 levels left

rFire   + . .        H - +9 arbalest (freeze)
rCold   + + +        (shield currently unavailable)
rNeg    + . .        j - +12 gold dragon scales
rPois   +            s - +2 helmet {SInv}
rElec   .            f - +2 cloak {rPois}
rCorr   .            t - +2 pair of gloves
SInv    +            G - +3 pair of mountain boots {steadfast, rC+}
Will    +++..        (no amulet) Stlth
                     D - ring "Haemiv" {rC+ rN+ Dex+3 Stlth+}
HPRegen 0.57/turn    o - ring "Fagas" {rPois rF+ rC+ Will+ Str-2}
MPRegen 0.24/turn

%: no passive effects
@: studying 2 skills, very slow
A: amphibious, slowness 1, strong legs 2, +LOS, talons 1, deformed body, frail
1, low MP 2, passive freeze, heat vulnerability 1
0: Orb of Zot
}: 5/15 runes: decaying, serpentine, slimy, silver, abyssal
a: Hop, Renounce Religion, Bend Time, Temporal Distortion, Slouch, Step From
Time


You escaped.
You worshipped Cheibriados.
Cheibriados was extremely pleased with you.
You visited 13 branches of the dungeon, and saw 56 of its levels.
You visited the Abyss 2 times.
You visited 1 bazaar.
You also visited: Bailey, Gauntlet and Desolation.

You collected 7665 gold pieces.
You spent 6053 gold pieces at shops.

Inventory:

Hand Weapons
 H - a +9 arbalest of freezing (weapon)
 J - the +6 arbalest "Damnation" {damnation}
   (You bought it in a shop on level 2 of the Snake Pit)
 M - the +9 shortbow "Jolax" {antimagic, Int+4}
   (You found it in the Desolation of Salt)

   Int+4:     It affects your intelligence (+4).
Armour
 f - a +2 cloak of poison resistance (worn)
 j - +12 gold dragon scales (worn)
 q - +1 shadow dragon scales
 s - a +2 helmet of see invisible (worn)
 t - a +2 pair of gloves (worn)
 A - the +1 pair of boots of Qisyloy {Fly Regen+ Str+6 Int+3}
   (You found it in the Desolation of Salt)

   Str+6:     It affects your strength (+6).
   Int+3:     It affects your intelligence (+3).
   Fly:       It grants you flight.
   Regen+:    It increases your rate of health regeneration.
 G - the +3 pair of mountain boots (worn) {steadfast, rC+}
   (You bought it in a shop on level 3 of the Elven Halls)

   Steadfast: It prevents involuntary movement, except for blinking,
   teleportation, or banishment.
   rC+:       It protects you from cold.
Jewellery
 b - an amulet of reflection
 e - the ring "Vuru Ate" {rElec rF+ EV+5 Str-3}
   (You took it off an efreet on level 15 of the Dungeon)

   [ring of evasion]

   EV+5:      It affects your evasion (+5).
   Str-3:     It affects your strength (-3).
   rF+:       It protects you from fire.
   rElec:     It insulates you from electricity.
 k - a ring of positive energy
 l - an amulet of regeneration
 n - a ring of willpower
 o - the ring "Fagas" (right hand) {rPois rF+ rC+ Will+ Str-2}
   (You found it in the Desolation of Salt)

   [ring of protection from cold]

   Str-2:     It affects your strength (-2).
   rF+:       It protects you from fire.
   rC+:       It protects you from cold.
   rPois:     It protects you from poison Will+: It increases your willpower.
 u - the amulet of Gidayfel {Reflect -Tele Harm Will+ Dex+4 SH+5}
   (You took it off a ragged hierophant in the Desolation of Salt)

   [amulet of reflection]

   Reflect:   It reflects blocked missile attacks.
   Dex+4:     It affects your dexterity (+4).
   Will+:     It increases your willpower.
   -Tele:     It prevents most forms of teleportation.
   SH+5:      It affects your SH (+5).
   Harm:      It increases damage dealt and taken.
 w - a ring of wizardry
 z - the ring of Ohukhlis {Fly Dex+6}
   (You found it in the Desolation of Salt)

   [ring of dexterity]

   Dex+6:     It affects your dexterity (+6).
   Fly:       It grants you flight.
 D - the ring "Haemiv" (left hand) {rC+ rN+ Dex+3 Stlth+}
   (You found it on level 5 of the Pits of Slime)

   [ring of protection from cold]

   Dex+3:     It affects your dexterity (+3).
   rC+:       It protects you from cold.
   rN+:       It protects you from negative energy.
   Stlth+:    It makes you more stealthy.
 O - a +5 ring of evasion
 Y - the ring "Zurirghes" {rElec Will++ Str+6 Dex-4}
   (You found it in the Desolation of Salt)

   [ring of strength]

   Str+6:     It affects your strength (+6).
   Dex-4:     It affects your dexterity (-4).
   rElec:     It insulates you from electricity.
   Will++:    It greatly increases your willpower.
 Z - a +4 ring of slaying
Wands
 v - a wand of flame (159)
 x - a wand of acid (62)
 y - a wand of digging (8)
 C - a wand of paralysis (94)
 F - a wand of polymorph (39)
 K - a wand of mindburst (44)
 P - a wand of iceblast (80)
Scrolls
 a - 4 scrolls of brand weapon
 h - 9 scrolls of teleportation
 i - 3 scrolls of enchant armour
 L - 5 scrolls of revelation
 Q - 10 scrolls of fear
 R - 3 scrolls of fog
 S - 4 scrolls of enchant weapon
 U - a scroll of butterflies
 W - 3 scrolls of immolation
 X - 2 scrolls of silence
Potions
 c - 8 potions of cancellation
 d - 3 potions of brilliance
 g - a potion of mutation
 m - 10 potions of enlightenment
 p - 10 potions of ambrosia
 r - 12 potions of might
 E - 3 potions of lignification
 I - 2 potions of invisibility
 N - 5 potions of magic


   Skills:
 O Level 27 Fighting
 + Level 2.5(2.7) Short Blades
 + Level 1.4(2.3) Long Blades
 + Level 1.3(2.1) Axes
 + Level 1.4(2.1) Maces & Flails
 + Level 1.5(2.0) Polearms
 + Level 1.4(2.1) Staves
 - Level 18.0 Ranged Weapons
 + Level 1.0 Throwing
 O Level 27 Armour
 O Level 27 Dodging
 * Level 11.0 Stealth
 - Level 4.9 Shields
 - Level 15.9 Spellcasting
 + Level 1.9 Conjurations
 - Level 10.3 Hexes
 + Level 1.4 Summonings
 + Level 1.2 Necromancy
 - Level 17.0 Translocations
 + Level 1.2 Transmutations
 + Level 1.7 Fire Magic
 + Level 1.9 Ice Magic
 + Level 2.0 Air Magic
 + Level 1.6 Earth Magic
 + Level 1.9 Poison Magic
 - Level 11.7 Invocations
 - Level 0.1 Evocations


You had 45 spell levels left.
You knew the following spells:

 Your Spells              Type           Power      Damage    Failure   Level
a - Blink                 Tloc           100%       N/A       1%          2
b - Dimensional Bullseye  Hex/Tloc       34%        N/A       1%          4
c - Dispersal             Tloc           38%        N/A       3%          6

Your spell library contained the following spells:

 Spells                   Type           Power      Damage    Failure   Level
 Apportation              Tloc           100%       N/A       1%          1
 Slow                     Hex            100%       N/A       1%          1
 Lesser Beckoning         Tloc           100%       N/A       1%          2
 Momentum Strike          Conj/Tloc      100%       3d10      1%          2
 Confusing Touch          Hex            60%        N/A       1%          3
 Sigil of Binding         Hex            60%        N/A       1%          3
 Tukima's Dance           Hex            60%        N/A       1%          3
 Volatile Blastmotes      Fire/Tloc      100%       2d18      1%          3
 Manifold Assault         Tloc           77%        N/A       1%          4
 Passage of Golubria      Tloc           77%        N/A       1%          4
 Iskenderun's Mystic Bla  Conj/Tloc      58%        2d12      4%          4
 Vhi's Electric Charge    Tloc/Air       100%       N/A       4%          4
 Inner Flame              Hex/Fire       46%        N/A       5%          3
 Summon Guardian Golem    Hex/Summ       45%        N/A       6%          3
 Magic Dart               Conj           100%       1d8       10%         1
 Shock                    Conj/Air       100%       1d9       10%         1
 Sandblast                Erth           50%        2d12      11%         1
 Sting                    Tmut/Pois      100%       1d8       12%         1
 Summon Small Mammal      Summ           96%        N/A       12%         1
 Poisonous Vapours        Pois/Air       54%        N/A       14%         2
 Searing Ray              Conj           54%        2d6       14%         2
 Summon Forest            Summ/Tloc      28%        N/A       14%         5
 Cigotuvi's Dreadful Rot  Necr/Pois/Air  52%        N/A       16%         2
 Scorch                   Fire           52%        2d7       16%         2
 Fulminant Prism          Conj/Hex       23%        3d12      17%         4
 Call Imp                 Summ           48%        N/A       19%         2
 Passwall                 Tmut/Erth      20%        N/A       19%         2
 Sublimation of Blood     Necr           24%        N/A       19%         2
 Leda's Liquefaction      Hex/Erth       22%        N/A       19%         4
 Wereblood                Tmut           23%        N/A       21%         2
 Anguish                  Hex/Necr       22%        N/A       21%         4
 Mephitic Cloud           Conj/Pois/Air  27%        N/A       28%         3
 Swiftness                Air            27%        N/A       28%         3
 Ozocubu's Armour         Ice            27%        N/A       30%         3
 Stone Arrow              Conj/Erth      52%        3d10      30%         3
 Ignite Poison            Fire/Tmut/Pois 25%        N/A       32%         3
 Call Canine Familiar     Summ           24%        N/A       36%         3
 Vampiric Draining        Necr           24%        2d7       36%         3
 Metabolic Englaciation   Hex/Ice        23%        N/A       43%         5
 Yara's Violent Unravell  Hex/Tmut       22%        3d10      50%         5
 Airstrike                Air            13%        2d(2-18)  67%         4
 Flame Wave               Conj/Fire      26%        2d8       69%         4
 Olgreb's Toxic Radiance  Pois           27%        N/A       69%         4
 Sticky Flame             Conj/Fire      26%        2d5       69%         4
 Brom's Barrelling Bould  Conj/Erth      26%        2d5       71%         4
 Summon Lightning Spire   Summ/Air       26%        N/A       71%         4
 Animate Armour           Summ/Erth      50%        N/A       75%         4
 Animate Dead             Necr           24%        N/A       77%         4
 Petrify                  Tmut/Erth      24%        N/A       77%         4
 Disjunction              Tloc           38%        N/A       78%         8
 Arcjolt                  Conj/Air       13%        1d23      95%         5
 Freezing Cloud           Conj/Ice/Air   13%        6-21      95%         5
 Enfeeble                 Hex            30%        N/A       95%         7
 Alistair's Intoxication  Tmut/Pois      16%        N/A       97%         5
 Borgnjor's Vile Clutch   Necr/Erth      12%        N/A       97%         5
 Irradiate                Conj/Tmut      12%        3d15      97%         5
 Lee's Rapid Deconstruct  Erth           12%        3d9*      97%         5
 Bombard                  Conj/Erth      13%        9d3       100%        6
 Conjure Ball Lightning   Conj/Air       13%        3x3d6     100%        6
 Death Channel            Necr           12%        N/A       100%        6
 Eringya's Noxious Bog    Tmut/Pois      12%        4d6       100%        6
 Simulacrum               Ice/Necr       12%        N/A       100%        6
 Summon Cactus Giant      Summ           12%        N/A       100%        6
 Haunt                    Necr/Summ      12%        N/A       100%        7
 Monstrous Menagerie      Summ           12%        N/A       100%        7
 Summon Hydra             Summ           12%        N/A       100%        7
 Discord                  Hex            30%        N/A       100%        8
 Ignition                 Fire           13%        3d6       100%        8
 Infestation              Necr           12%        N/A       100%        8
 Lehudib's Crystal Spear  Conj/Erth      13%        10d4      100%        8
 Maxwell's Capacitive Co  Air            13%        ∞         100%        8
 Chain Lightning          Conj/Air       13%        3d18      100%        9


Dungeon Overview and Level Annotations

Branches:
Dungeon (15/15)            Temple (1/1) D:4            Lair (5/5) D:8
  Swamp (4/4) Lair:3        Snake (4/4) Lair:2        Slime (5/5) Lair:4
    Orc (2/2) D:10            Elf (3/3) Orc:2        Vaults (5/5) D:13
  Crypt (0/3) Vaults:3     Depths (4/4) D:15           Hell (visited)
    Dis (2/7) Hell            Geh (0/7) Hell            Coc (0/7) Hell
    Tar (0/7) Hell            Zot (5/5) Depths:4     Bailey (visited)
Desolation (visited)      Gauntlet (visited)

Altars:
Ashenzari
Cheibriados
Dithmenos
Elyvilon
Fedhas
Gozag
Hepliaklqana
Kikubaaqudgha
Makhleb
Nemelex Xobeh
Okawaru
Qazlal
Ru
Sif Muna
Trog
Uskayaw
Vehumet
Wu Jian
Xom
Yredelemnul
Zin
The Shining One
Jiyva
Lugonu

Shops:
D:2 *[*   D:6 !   Orc:2 ?!:(   Elf:2 !   Elf:3 [(*?(   Snake:1 ??   Snake:2 (*
Snake:3 *   Vaults:1 [   Vaults:2 (   Vaults:4 *   Vaults:5 :   Depths:2 [

Portals:
Hell: Depths:1 Depths:2 Depths:3 Depths:4
Abyss: Lair:5 Swamp:2 Depths:1 Depths:3
Pandemonium: Orc:2 Depths:2 Depths:3
Ziggurat: Depths:2

Annotations:
D:4 2 transporters, PowderKeg's ghost, weakling FeDe
D:8 4 transporters
Vaults:2 2 transporters, Uppifusa's ghost, adept BaHs


Innate Abilities, Weirdness & Mutations

You are amphibious.
You cover ground slowly.
You can hop long distances.
You have an extended range of vision and can be seen from far away.
You have sharp toenails.
Armour fits poorly on your strangely shaped body.
You are frail. (-10% HP)
Your magical capacity is very low. (-20% MP)
A frigid envelope surrounds you and freezes all who hurt you.
You are vulnerable to heat. (rF-)


Message History

The ufetubus resists.
The ufetubus is very cold.
The ufetubus is heavily wounded.
The ufetubus closely misses you. The ufetubus slips past you!
The ufetubus completely misses you. The ufetubus misses you.
You shoot a bolt. The bolt hits the ufetubus!!
The bolt freezes the ufetubus.
You kill the ufetubus!
The ufetubus disappears in a puff of smoke!
The ufetubus hits you but does no damage.
The ufetubus resists.
The ufetubus is very cold.
The ufetubus is heavily wounded.
The ufetubus completely misses you. The ufetubus slips past you!
The ufetubus completely misses you. x2
You are too injured to fight recklessly!
You are too injured to fight recklessly!
Unknown command.
You are too injured to fight recklessly!
You are too injured to fight recklessly!
Unknown command.
You are too injured to fight recklessly!
Unknown command.
You are too injured to fight recklessly!
You shoot a bolt. The bolt hits the ufetubus!
You kill the ufetubus!
The ufetubus disappears in a puff of smoke!
The ufetubus misses you. The ufetubus completely misses you.
You shoot a bolt. The bolt barely misses the ufetubus.
The bolt hits the ynoxinul!!
The bolt freezes the ynoxinul.
You kill the ynoxinul!
Cheibriados appreciates the change of pace.
The ufetubus disappears in a puff of smoke! x2
There is an open door here.
Aiming: Dig
Press: ? - help, Shift-Dir - straight line A rock wall.
This square is covered in magical glow.
The rock shatters into small pieces.
You enter the shallow water.
You enter the shallow water.
There is a staircase leading out of the dungeon here.
You have escaped!

#4&### #.####.##............+.
##...# #.####.##'#######....#.
###.####.#....##.# #.....#..#.
######......#.##~##~#
#........#'
#.........#.'..#~~~##
#..........
#.........######.##~#
#.......... #.........#
#~~~~~~## #..........
###....##.# #~#~.##~#
#.......... #....##.# #≈#~@~#~#
#.......... #.......# #≈≈~~~≈~#
####....### #.......######'####
#.#####.
#.......'.......########.......
#####...#######.........##....#
#...# ####......##.##.# #####
#####......##.##(#
#.............##.#
#...........####.#


There were no monsters in sight!

Vanquished Creatures
  the Royal Jelly (Slime:5)
  A pandemonium lord (D:1)
  A dread lich (Dis:1)
  7 orbs of fire
  2 juggernauts
  Vv (Depths:4)
  Parghit (Depths:4)
  Margery (Vaults:2)
  2 curse toes
  Saint Roka (Depths:2)
  Bai Suzhen (Vaults:5)
  4 Killer Klowns
  Vashnia (Snake:4)
  Geryon (Hell)
  6 golden dragons
  6 caustic shrikes
  Nikola (Depths:1)
  A profane servitor (Abyss:4)
  4 bone dragons
  A Tzitzimitl (Zot:3)
  2 electric golems (Zot:5)
  2 Brimstone Fiends
  3 doom hounds (Zot:4)
  An Ice Fiend (Zot:4)
  Rupert (D:12)
  A Hell Sentinel (Dis:2)
  Jorgrun (D:15)
  13 tentacled monstrosities
  A tainted leviathan (Depths:1)
  3 titans (Vaults:5)
  7 quicksilver dragons
  Asterion (Vaults:2)
  29 Orb Guardians
  3 deep elf master archers
  4 liches
  3 deep elf blademasters
  Murray (Depths:1)
  Grunn (Zot:4)
  An acid blob (shapeshifter) (Vaults:3)
  29 acid blobs
  6 sphinxes
  5 ancient champions
  11 tentacled starspawn
  Frances (Snake:1)
  14 shadow dragons
  2 Executioners (Abyss:4)
  3 eldritch tentacles (Abyss:4)
  3 thorn hunters
  12 death cobs
  6 tengu reavers
  6 azure jellies
  11 rockslimes
  A daeva (Swamp:2)
  3 draconian monks (Zot:3)
  14 storm dragons
  The ghost of Okkeon the Phalangite, an adept MfBe of Trog (Swamp:2)
  2 revenants
  7 fire giants
  3 draconian knights
  8 nagarajas
  14 vault wardens
  4 balrugs
  7 deep elf sorcerers
  3 quicksilver elementals
  2 iron dragons
  13 frost giants
  A ghost moth (shapeshifter) (Depths:4)
  4 deep elf elementalists (Elf:3)
  3 imperial myrmidons (Desolation)
  2 ghost moths
  The ghost of Bediveer the Blocker, a journeyman DsGl of Lugonu (Swamp:3)
  An orc warlord (Vaults:3)
  Louise (Elf:2)
  7 draconian shifters
  12 quicksilver oozes
  3 draconian scorchers
  A cacodemon (Swamp:2)
  A spriggan defender (Depths:2)
  2 draconian stormcallers
  5 draconian annihilators
  6 reapers
  25 ironbound preservers
  13 very ugly things
  3 war gargoyles
  8 ironbound thunderhulks
  A formless jellyfish (shapeshifter) (Abyss:3)
  13 stone giants
  4 formless jellyfish
  A quicksilver ooze (shapeshifter) (Vaults:5)
  2 vampire knights
  8 green draconians
  9 deep elf demonologists
  5 putrid mouths
  A halazid warlock (Desolation)
  7 eleionomae
  6 spark wasps
  3 lorocyprocas
  Nessos (Orc:2)
  10 white draconians
  10 black draconians
  2 occultists (Abyss:4)
  A minotaur (Gauntlet)
  4 bunyips
  8 red draconians
  9 purple draconians
  11 deep elf annihilators (Elf:3)
  7 yellow draconians
  10 dire elephants
  2 iron golems
  4 blizzard demons
  2 green deaths (Abyss:4)
  Snorg (Orc:1)
  An ettin (shapeshifter) (Elf:1)
  A jiangshi (Vaults:3)
  11 yaktaur captains
  4 deep elf high priests
  Josephine (Lair:4)
  8 ragged hierophants (Desolation)
  A shambling mangrove (Swamp:3)
  8 ettins
  12 deep elf death magi
  9 fire dragons
  An entropy weaver (Vaults:1)
  9 rakshasas
  5 crystal guardians
  11 great orbs of eyes
  9 ice dragons
  Erolcha (D:13)
  21 hydras
  2 demonspawn (Orc:2)
  15 servants of whispers (Desolation)
  41 vault guards
  7 alligators
  A death knight (Vaults:3)
  2 ogre magi (D:15)
  2 hell beasts
  7 ghost crabs
  4 salamander tyrants
  3 anacondas
  A catoblepas (Lair:2)
  15 peacekeepers
  6 ironbound frosthearts
  An ice dragon (shapeshifter) (Depths:2)
  A merfolk avatar (Abyss:4)
  A sphinx zombie (Vaults:3)
  3 spriggan air magi
  19 centaur warriors
  14 two-headed ogres
  9 boulder beetles
  18 naga warriors
  A two-headed ogre (shapeshifter) (Vaults:5)
  10 hell hogs
  33 dancing weapons
  6 deep troll earth magi
  6 deep troll shamans
  12 tengu warriors
  2 demonic crawlers
  2 titan zombies
  Urug (Lair:4)
  14 deep elf knights
  5 spriggan berserkers
  48 hell knights
  4 orc high priests (Orc:2)
  14 thrashing horrors
  21 naga sharpshooters
  7 shock serpents
  A shock serpent (shapeshifter) (Depths:3)
  A crystal echidna (Dis:2)
  10 soul eaters
  20 sun demons
  A spatial maelstrom (Abyss:4)
  Nergalle (D:12)
  A shadow wraith (D:15)
  3 sixfirhies
  A fire crab (shapeshifter) (Elf:2)
  5 iron trolls
  3 skysharks
  8 wretched stars
  4 goliath frogs
  A sea snake (shapeshifter) (Lair:5)
  7 swamp dragons
  6 salamander mystics
  2 orb spiders (shapeshifter)
  2 flayed ghosts
  A bunyip zombie (Hell)
  7 harpies (Vaults:3)
  3 shadow demons
  6 spriggan druids
  8 glowing orange brains
  6 naga ritualists
  23 necromancers
  7 deep elf archers
  18 lindwurms
  5 arcanists
  A spriggan simulacrum (Hell)
  50 starcursed masses
  52 deep trolls
  31 deep elf zephyrmancers
  10 orc knights
  4 phantasmal warriors
  An anaconda skeleton (Snake:2)
  28 ironbound convokers
  2 anaconda zombies
  18 large abominations
  A shadow dragon skeleton (Vaults:3)
  38 ugly things
  A stone giant zombie (Vaults:5)
  8 orc sorcerers (Orc:2)
  A shining eye (shapeshifter) (Vaults:5)
  26 deep elf pyromancers
  An oklob plant (D:11)
  4 shining eyes
  14 mana vipers
  7 cyclopes
  2 alligator zombies (Hell)
  A moth of wrath (shapeshifter) (Depths:2)
  3 manticores
  9 will-o-the-wisps
  13 salamanders
  18 moths of wrath
  6 worldbinders
  10 elephants
  4 apocalypse crabs
  3 rust devils
  5 molten gargoyles
  19 vault sentinels
  A fire giant skeleton (Vaults:5)
  42 black mambas
  22 smoke demons
  4 guardian serpents
  16 naga magi
  An orange demon (Abyss:4)
  13 cane toads
  2 gargoyles
  A torpor snail (Gauntlet)
  2 kobold demonologists
  3 rime drakes
  3 spectral nagas (Snake:2)
  3 efreet
  A yaktaur zombie (Vaults:4)
  A tormentor (Zot:4)
  2 freezing wraiths (Hell)
  A komodo dragon (shapeshifter) (Depths:4)
  30 yaktaurs
  2 anaconda simulacra (Hell)
  7 hellions
  A yaktaur (shapeshifter) (Elf:1)
  14 komodo dragons
  3 ancient zymes
  A yaktaur skeleton (Vaults:5)
  A sea snake skeleton (Hell)
  3 tengu conjurers
  An ice devil (Abyss:4)
  3 bloated husks
  A queen bee (Depths:3)
  A red devil (Hell)
  4 hellwings
  6 meliai (Depths:3)
  A harpy skeleton (Abyss:3)
  3 spectral guardian serpents (Snake:2)
  A hydra zombie (Hell)
  12 trolls
  A polar bear (shapeshifter) (Lair:5)
  7 tyrant leeches
  83 saltlings (Desolation)
  9 hornets
  44 blink frogs
  2 hydra skeletons (Hell)
  29 raiju
  5 dream sheep (Lair:5)
  2 glass eyes
  An iron dragon simulacrum (Hell)
  A guardian serpent skeleton (Snake:2)
  2 centaur simulacra
  A jumping spider (shapeshifter) (Elf:2)
  75 slime creatures
  6 water elementals
  4 shadows
  2 spriggans (shapeshifter)
  9 spriggans
  2 culicivoras (shapeshifter)
  5 wyverns
  3 vampires
  2 air elementals
  10 wraiths
  9 basilisks
  8 ynoxinuls
  4 fire elementals
  2 golden eyes
  A human (shapeshifter) (D:15)
  39 yaks
  A redback (Vaults:1)
  5 chaos spawn
  5 neqoxecs
  11 vampire mosquitoes
  21 small abominations
  A sea snake simulacrum (Snake:2)
  4 wargs
  A spatial vortex (Abyss:4)
  18 swamp worms
  49 nagas
  An acid dragon (D:10)
  A swamp worm (shapeshifter) (Lair:5)
  An ogre zombie (Vaults:5)
  5 naga skeletons (Snake:2)
  7 water moccasins
  4 hell hounds
  14 swamp drakes
  A guardian serpent simulacrum (Snake:2)
  6 black bears
  50 orc warriors
  2 boggarts
  11 ogres
  12 wolves
  3 human skeletons
  17 centaurs
  11 kobold brigands
  5 elf zombies (Elf:1)
  Blork the orc (D:5)
  10 bullfrogs
  3 gnoll sergeants
  An earth elemental (Elf:1)
  3 scorpions
  8 wights
  8 killer bees
  6 howler monkeys
  2 lava snakes (D:10)
  3 quasits
  4 iron imps
  3 hounds (D:5)
  4 gnoll boudas
  31 orc priests
  3 iguanas
  2 sleepcaps
  21 orc wizards
  37 gnolls
  6 adders
  6 naga simulacra
  2 shadow imps (D:6)
  3 white imps
  13 ufetubi
  2 worms
  A dart slug (D:1)
  129 orcs
  5 bats
  8 endoplasms
  2 giant cockroaches
  6 goblins
  6 hobgoblins
  10 ball pythons
  2 frilled lizards (D:3)
  37 kobolds
  8 rats
  15 butterflies
  2 lurking horrors
  15 starspawn tentacles
2853 creatures vanquished.

Vanquished Creatures (others)
  A dread lich (Zot:5)
  A death cob (Zot:4)
  A draconian annihilator (Zot:3)
  A reaper (Zot:4)
  A green draconian (Zot:3)
  A swamp dragon (Swamp:4)
  A spriggan druid (Swamp:1)
  A bog body (Swamp:3)
  A fenstrider witch simulacrum (Swamp:3)
  A deep elf zephyrmancer (Elf:2)
  A blink frog (Abyss:4)
  A raiju (Abyss:3)
  A hydra simulacrum (Swamp:3)
  A human (D:4)
  A jelly (Abyss:3)
  6 foxfires (Swamp:4)
  A lurking horror (Abyss:3)
  15 starspawn tentacles
37 creatures vanquished.

Grand Total: 2890 creatures vanquished

Notes
Turn   | Place    | Note
-------+----------+-------------------------------------------
     0 | D:1      | bmb222 the Barachi Hunter began the quest for the Orb.
     0 | D:1      | Reached XP level 1. HP: 17/17 MP: 1/1
   194 | D:1      | Reached XP level 2. HP: 23/23 MP: 2/2
   583 | D:2      | Reached XP level 3. HP: 28/28 MP: 3/3
   588 | D:2      | Found Kegu's Armour Shoppe.
   768 | D:2      | Found Quidwakh's General Store.
   833 | D:2      | Reached skill level 5 in Ranged Weapons
  1046 | D:2      | Found Wituthywk's General Store.
  1369 | D:3      | Found a burning altar of Makhleb.
  1369 | D:3      | Found a broken altar of Ashenzari.
  1596 | D:3      | Reached XP level 4. HP: 34/34 MP: 4/4
  1600 | D:3      | Found a shadowy altar of Dithmenos.
  1639 | D:3      | Reached skill level 1 in Armour
  1883 | D:3      | Identified the +3 leather armour "Dyvvaythror" {Contam
                  | rC++}
  2020 | D:3      | Found an opulent altar of Gozag.
  2244 | D:4      | Reached XP level 5. HP: 37/40 MP: 5/5
  2328 | D:4      | Noticed an ogre
  2670 | D:3      | Reached XP level 6. HP: 43/47 MP: 6/6
  2793 | D:4      | Found a transporter.
  2801 | D:4      | Found a staircase to the Ecumenical Temple.
  2801 | D:4      | Noticed PowderKeg's ghost (weakling FeDe)
  2869 | Temple   | Entered the Ecumenical Temple
  2891 | Temple   | Became a worshipper of Cheibriados the Contemplative
  2913 | D:4      | Found a white marble altar of Elyvilon.
  2926 | D:4      | Found a sacrificial altar of Ru.
  2987 | D:4      | Found an ancient bone altar of Kikubaaqudgha.
  2987 | D:4      | Noticed a human
  2991 | D:4      | Killed a human
  2998 | D:4      | Found a transporter.
  3208 | D:4      | Identified the +6 quarterstaff "Xiuhigiere" {venom, Str+2
                  | Int+4 Dex+3}
  3338 | D:5      | Entered Level 5 of the Dungeon
  3353 | D:5      | Reached XP level 7. HP: 41/52 MP: 7/7
  3690 | D:5      | Gained mutation: You are frail. (-10% HP) [potion of
                  | mutation]
  3690 | D:5      | Gained mutation: You occasionally shout uncontrollably at
                  | your foes. [potion of mutation]
  3690 | D:5      | Gained mutation: You passively map a small area around you.
                  | [potion of mutation]
  3961 | D:5      | Noticed Blork the orc
  3974 | D:5      | Killed Blork the orc
  4092 | D:5      | Identified the +3 halberd "Reacrago" {protect, Int+6}
  4230 | D:5      | Reached * piety under Cheibriados
  4506 | D:5      | Reached XP level 8. HP: 54/54 MP: 8/8
  4612 | D:5      | Reached ** piety under Cheibriados
  4820 | D:6      | Found Teseis's Distillery.
  5018 | D:6      | Reached skill level 5 in Fighting
  5018 | D:6      | Reached skill level 10 in Ranged Weapons
  5083 | D:6      | Reached *** piety under Cheibriados
  5230 | D:6      | Reached XP level 9. HP: 61/61 MP: 9/9
  6349 | D:7      | Found a glowing golden altar of the Shining One.
  6401 | D:7      | Found a flagged portal.
  6409 | D:7      | Reached skill level 5 in Armour
  6420 | Bailey   | Entered a bailey
  6488 | Bailey   | Reached **** piety under Cheibriados
  6772 | Bailey   | Noticed an orc knight
  6772 | Bailey   | Noticed an orc knight
  7730 | D:7      | Noticed a hornet
  7733 | D:7      | Killed a hornet
  7799 | D:7      | Reached XP level 10. HP: 69/69 MP: 10/10
  8108 | D:8      | Found a transporter.
  8133 | D:8      | Found a transporter.
  8161 | D:8      | Found a staircase to the Lair.
  8189 | D:8      | Reached ***** piety under Cheibriados
  8231 | D:8      | Reached skill level 1 in Invocations
  8501 | D:8      | Found a transporter.
  8550 | D:8      | Found a transporter.
  9507 | D:9      | Found a basalt altar of Yredelemnul.
  9587 | Lair:1   | Entered Level 1 of the Lair of Beasts
  9591 | Lair:1   | Noticed a cane toad
  9592 | Lair:1   | Killed a cane toad
  9595 | Lair:1   | Found a hide-covered altar of Uskayaw.
  9595 | Lair:1   | Noticed a boulder beetle
  9609 | Lair:1   | Killed a boulder beetle
  9796 | Lair:1   | Noticed a black mamba
  9805 | Lair:1   | Killed a black mamba
 10243 | Lair:1   | Noticed a cane toad
 10245 | Lair:1   | Killed a cane toad
 10246 | Lair:1   | Reached XP level 11. HP: 78/78 MP: 12/12
 10360 | Lair:1   | Found an ornate altar of the Wu Jian Council.
 11002 | Lair:2   | Noticed a boulder beetle
 11009 | Lair:2   | Killed a boulder beetle
 11113 | Lair:2   | Found a staircase to the Snake Pit.
 11116 | Lair:2   | Noticed a catoblepas
 11307 | Lair:2   | Killed a catoblepas
 11454 | Lair:2   | Reached skill level 15 in Ranged Weapons
 11573 | Lair:2   | Reached skill level 10 in Fighting
 11632 | Lair:2   | Reached XP level 12. HP: 75/87 MP: 14/14
 12110 | Lair:2   | Reached ****** piety under Cheibriados
 12884 | Lair:3   | Found a staircase to the Swamp.
 12891 | Lair:3   | Noticed a skyshark
 12897 | Lair:3   | Killed a skyshark
 12898 | Lair:3   | Reached skill level 5 in Dodging
 13226 | Lair:3   | Noticed a skyshark
 13233 | Lair:3   | Killed a skyshark
 13342 | Lair:4   | Noticed Josephine
 14350 | Lair:4   | Gained mutation: You can hop long distances. [Barachi
                  | growth]
 14350 | Lair:4   | Reached XP level 13. HP: 96/96 MP: 16/16
 14355 | Lair:4   | Noticed Urug
 14361 | Lair:4   | Killed Urug
 14412 | Lair:4   | Killed Josephine
 14481 | Lair:4   | Found a staircase to the Slime Pits.
 14482 | Lair:4   | Found a viscous altar of Jiyva.
 14534 | Lair:4   | Reached skill level 5 in Invocations
 14994 | Lair:5   | Entered Level 5 of the Lair of Beasts
 15326 | Lair:5   | Learned a level 2 spell: Blink
 15453 | Lair:5   | Identified the flux talisman of Evolution {rPois rF+ rN++
                  | Dex+4}
 15641 | Lair:5   | Identified the +0 plate armour of Xiyjaff {rC+ Int-5
                  | Stlth+}
 15713 | Lair:5   | Reached XP level 14. HP: 96/106 MP: 18/18
 16011 | Lair:5   | Found a corrupted altar of Lugonu.
 16011 | Lair:5   | Found a one-way gate to the infinite horrors of the Abyss.
 16023 | Lair:5   | Identified the +0 scale mail of a volcano {Str+3 Stlth+}
 16209 | Lair:5   | Reached skill level 10 in Armour
 16675 | D:10     | Entered Level 10 of the Dungeon
 17085 | D:10     | Found a hide-covered altar of Uskayaw.
 17144 | D:10     | Found a staircase to the Orcish Mines.
 17332 | D:10     | Reached skill level 15 in Fighting
 17764 | D:10     | Reached skill level 1 in Translocations
 17925 | Orc:1    | Entered Level 1 of the Orcish Mines
 17927 | Orc:1    | Reached skill level 1 in Spellcasting
 18044 | Orc:1    | Noticed Snorg
 18051 | Orc:1    | Killed Snorg
 18241 | Orc:2    | Entered Level 2 of the Orcish Mines
 18259 | Orc:2    | Noticed Nessos
 18262 | Orc:2    | Killed Nessos
 18281 | Orc:2    | Found a staircase to the Elven Halls.
 18577 | Orc:2    | Found Reekki Wiuxe's Magic Scroll Shoppe.
 18619 | Orc:2    | Found Atarghop's Distillery.
 18741 | Orc:2    | Paralysed by an orc sorcerer for 2 turns
 18744 | Orc:2    | Reached XP level 15. HP: 116/116 MP: 20/20
 18954 | Orc:2    | Found Wuniukus's Book Boutique.
 18954 | Orc:2    | Found Ecaulausa's Antique Weapon Shop.
 18955 | Orc:2    | Found a one-way gate leading to the halls of Pandemonium.
 18992 | Orc:2    | Bought 2 potions of experience for 1500 gold pieces
 18992 | Orc:2    | Reached skill level 5 in Spellcasting
 18992 | Orc:2    | Reached skill level 5 in Translocations
 18992 | Orc:2    | Reached XP level 16. HP: 122/122 MP: 23/23
 18993 | Orc:2    | Reached skill level 10 in Dodging
 18993 | Orc:2    | Reached XP level 17. HP: 127/127 MP: 24/24
 19994 | D:11     | Found a blossoming altar of Fedhas.
 20909 | D:12     | Noticed Nergalle
 20918 | D:12     | Killed Nergalle
 20966 | D:12     | Noticed Rupert
 20967 | D:12     | Paralysed by Rupert for 2 turns
 20973 | D:12     | Killed Rupert
 21374 | D:12     | You fall into a shaft and drop 3 floors!
 21374 | D:15     | Entered Level 15 of the Dungeon
 21375 | D:15     | Found a basalt altar of Yredelemnul.
 21386 | D:15     | Found a gate leading to a gauntlet.
 21400 | Gauntlet | Entered a Gauntlet
 21400 | Gauntlet | Found a transporter.
 21400 | Gauntlet | Found a transporter.
 21400 | Gauntlet | Found a transporter.
 21400 | Gauntlet | Found a transporter.
 21401 | Gauntlet | Found a transporter.
 21404 | Gauntlet | Found a transporter.
 21410 | Gauntlet | Found a transporter.
 21412 | Gauntlet | Found a transporter.
 21413 | Gauntlet | Found a transporter.
 21415 | Gauntlet | Found a transporter.
 21423 | Gauntlet | Found a transporter.
 21424 | Gauntlet | Found a transporter.
 21838 | D:15     | Noticed Jorgrun
 21860 | D:15     | Killed Jorgrun
 22182 | D:15     | Found a runed translucent door.
 22190 | D:15     | Identified the ring "Vuru Ate" {rElec rF+ EV+5 Str-3}
 22196 | D:15     | Identified the +2 morningstar of Arukefi {heavy, Int+6}
 22197 | D:15     | Noticed a sphinx
 22197 | D:15     | Identified the +3 lajatang of Kuneleiq {flame, rElec rF+}
 22749 | D:15     | Found a staircase to the Depths.
 22960 | D:15     | Killed a sphinx
 22969 | D:15     | Reached XP level 18. HP: 113/141 MP: 25/25
 23025 | D:15     | Got Cuka's Second Course in Incantation
 23183 | D:14     | Found a flickering gateway to a bazaar.
 23191 | Bazaar   | Entered a bazaar
 23191 | Bazaar   | Found Qisotud's General Store.
 23191 | Bazaar   | Found Mucaux's Antique Armour Shop.
 23231 | Bazaar   | Found Hys Jam's Antique Weapon Shop.
 23272 | Bazaar   | Bought a runed cloak for 127 gold pieces
 23301 | Bazaar   | Bought a jewelled orcbow for 161 gold pieces
 23301 | Bazaar   | Identified the +5 orcbow "Nemize" {heavy, rN+} (You bought
                  | it in a shop in a bazaar)
 23317 | Bazaar   | Bought a potion of heal wounds for 45 gold pieces
 24026 | D:13     | Noticed Erolcha
 24031 | D:13     | Killed Erolcha
 24736 | D:13     | Found a gate to the Vaults.
 25003 | Swamp:1  | Entered Level 1 of the Swamp
 25420 | Swamp:1  | Found a runed translucent door.
 26117 | Swamp:2  | Found a transporter.
 26118 | Swamp:2  | Noticed Okkeon's ghost (adept MfBe)
 26126 | Swamp:2  | Found a transporter.
 26234 | Swamp:2  | Killed Okkeon's ghost
 27187 | Swamp:3  | Found a transporter.
 27195 | Swamp:3  | Noticed Bediveer's ghost (journeyman DsGl)
 27196 | Swamp:3  | Found a transporter.
 27413 | Swamp:3  | Reached skill level 15 in Dodging
 28115 | Swamp:3  | Reached XP level 19. HP: 154/154 MP: 20/26
 28118 | Swamp:3  | Killed Bediveer's ghost
 28126 | Swamp:3  | Identified the ring of Xicsoim {rPois Str+6}
 28186 | Swamp:4  | Entered Level 4 of the Swamp
 29066 | Swamp:4  | Got a decaying rune of Zot
 29203 | Snake:1  | Entered Level 1 of the Snake Pit
 29338 | Snake:1  | Noticed Frances
 29343 | Snake:1  | Killed Frances
 29489 | Snake:1  | Found Jeoj's Magic Scroll Emporium.
 29489 | Snake:1  | Found Otihethru's Magic Scroll Shoppe.
 29498 | Snake:1  | Bought a scroll of enchant weapon for 135 gold pieces
 30215 | Snake:2  | Found Tovuem's Assorted Antiques.
 30221 | Snake:2  | Found Beydd's Weapon Shoppe.
 31040 | Snake:3  | Reached XP level 20. HP: 167/167 MP: 27/27
 31389 | Snake:3  | Found Quro's Assorted Antiques.
 31542 | Snake:4  | Entered Level 4 of the Snake Pit
 32145 | Snake:4  | Noticed Vashnia
 32177 | Snake:4  | Killed Vashnia
 32737 | Snake:4  | Got a serpentine rune of Zot
 33028 | Elf:1    | Entered Level 1 of the Elven Halls
 34094 | Elf:1    | Reached XP level 21. HP: 179/179 MP: 28/28
 34417 | Elf:1    | Paralysed by an air elemental for 1 turns
 34440 | Elf:2    | Noticed Louise
 34444 | Elf:2    | Killed Louise
 34525 | Elf:2    | Identified a scroll of acquirement
 34525 | Elf:2    | Acquired 866 gold pieces
 34629 | Elf:2    | Found Muutyize's Distillery.
 34920 | Elf:2    | Found a runed translucent gate.
 34920 | Elf:2    | Found a runed translucent gate.
 34921 | Elf:2    | Found a runed translucent gate.
 35718 | Elf:3    | Entered Level 3 of the Elven Halls
 35781 | Elf:3    | Found Sucwec's Magic Scroll Boutique.
 35865 | Elf:3    | Found Zeakleg's Weapon Shop.
 36053 | Elf:3    | Reached skill level 27 in Fighting
 36573 | Elf:3    | Identified the +6 chain mail of Lies {Int+3}
 36573 | Elf:3    | Identified the ring of Xycores {Ice Int+3 Dex+4}
 36789 | Elf:3    | Identified the +4 scimitar of the Establishment {heavy,
                  | rPois rN+ Will+ Dex-3}
 36960 | Elf:3    | Identified the +4 war axe of Hepliaklqana, Thieving {venom,
                  | rElec rN+ Will- Int+4}
 36965 | Elf:3    | Got the Notes on Lightning
 37034 | Elf:3    | Identified the +1 orcbow of the Ghost {speed, rPois}
 37038 | Elf:3    | Identified the -1 cloak of Effear {rF+ Str+3}
 37065 | Elf:3    | Identified the staff of Rotation {rF+ Int+3 Dex+5 Fire}
 37313 | Elf:3    | Found Libear's Antique Weapon Shoppe.
 37370 | Elf:3    | Found Xaliott's Antique Armour Shoppe.
 37521 | Elf:3    | Found Gorepr Epuh's Assorted Antiques.
 37784 | Snake:2  | Bought the +6 arbalest "Damnation" {damnation} for 1920
                  | gold pieces
 37784 | Snake:2  | Found the +6 arbalest "Damnation" {damnation}
 38043 | Elf:3    | Bought a pair of transparent boots for 304 gold pieces
 38043 | Elf:3    | Identified the +1 pair of boots of the Pleiades {Dex+3}
                  | (You bought it in a shop on level 3 of the Elven Halls)
 38328 | Depths:1 | Entered Level 1 of the Depths
 38345 | Depths:1 | Reached XP level 22. HP: 190/190 MP: 29/29
 38474 | Depths:1 | Noticed Nikola
 38479 | Depths:1 | Killed Nikola
 39081 | Depths:1 | Found a gateway to Hell.
 39231 | Depths:1 | Identified the +9 hand axe "Raegh" {antimagic, rN+ Dex+3}
 39313 | Depths:2 | Found a radiant altar of Vehumet.
 39449 | Depths:2 | Noticed a juggernaut
 39457 | Depths:2 | Killed a juggernaut
 39769 | Depths:2 | Noticed a caustic shrike
 39775 | Depths:2 | Killed a caustic shrike
 39894 | Depths:2 | Noticed Saint Roka
 39908 | Depths:2 | Killed Saint Roka
 40126 | Depths:2 | Reached XP level 23. HP: 197/197 MP: 30/30
 40161 | Depths:2 | Found a one-way gateway to a ziggurat.
 40165 | Depths:2 | Found Waxycw's Antique Armour Boutique.
 42013 | Depths:3 | Found a sparkling altar of Nemelex Xobeh.
 42749 | Depths:4 | Entered Level 4 of the Depths
 42771 | Depths:4 | Noticed Parghit
 42772 | Depths:4 | Noticed Vv
 43270 | Depths:4 | Killed Vv
 43302 | Depths:4 | Noticed a juggernaut
 43307 | Depths:4 | Killed a juggernaut
 43317 | Depths:4 | Killed Parghit
 43673 | Depths:4 | Noticed a golden dragon
 43677 | Depths:4 | Killed a golden dragon
 43921 | Depths:4 | Found a gate to the Realm of Zot.
 44268 | Slime:1  | Entered Level 1 of the Pits of Slime
 44347 | Slime:1  | Gained mutation: Your spells are a little easier to cast,
                  | but a little less powerful. [a shining eye]
 44944 | Vaults:1 | Entered Level 1 of the Vaults
 45034 | Vaults:1 | Reached XP level 24. HP: 163/204 MP: 26/30
 45472 | Elf:3    | Bought a triangular bone amulet for 160 gold pieces
 45549 | Elf:3    | Bought the +3 pair of mountain boots {steadfast, rC+} for
                  | 1072 gold pieces
 45549 | Elf:3    | Found the +3 pair of mountain boots {steadfast, rC+}
 45970 | Vaults:1 | Reached skill level 15 in Armour
 46338 | Vaults:1 | Learned a level 4 spell: Dimensional Bullseye
 46478 | Vaults:1 | Found Hiakheh's Armour Shop.
 46525 | Vaults:1 | Reached skill level 1 in Hexes
 46725 | Vaults:1 | Got the Catalogue of Lithic Necromancy
 46994 | Vaults:2 | Noticed Margery
 47003 | Vaults:2 | Killed Margery
 47389 | Vaults:2 | Found Nuicsos's Weapon Boutique.
 47420 | Vaults:2 | Noticed Asterion
 47428 | Vaults:2 | Killed Asterion
 47685 | Vaults:2 | Found a transporter.
 47688 | Vaults:2 | Found a transporter.
 47688 | Vaults:2 | Noticed Uppifusa's ghost (adept BaHs)
 47693 | Vaults:2 | Found a bloodstained altar of Trog.
 48037 | Vaults:3 | Found a crumbling gateway.
 48046 | Desolati | Entered the Desolation of Salt
 48298 | Desolati | Identified the ring "Zurirghes" {rElec Will++ Str+6 Dex-4}
 48314 | Desolati | Identified the ring of Ohukhlis {Fly Dex+6}
 48324 | Desolati | Identified the +5 pair of gloves of Noon {*Slow Will+
                  | Regen+}
 48343 | Desolati | Identified the ring "Fagas" {rPois rF+ rC+ Will+ Str-2}
 48469 | Desolati | Got the Guide on Conflagration and Talus
 48487 | Desolati | Reached XP level 25. HP: 210/210 MP: 32/32
 48648 | Desolati | Identified the +9 shortbow "Jolax" {antimagic, Int+4}
 48652 | Desolati | Identified the amulet of Gidayfel {Reflect -Tele Harm Will+
                  | Dex+4 SH+5}
 48684 | Desolati | Identified the +1 pair of boots of Qisyloy {Fly Regen+
                  | Str+6 Int+3}
 48691 | Desolati | Identified the +4 shortbow "Hughanwua" {flame, Int+3
                  | Stlth+}
 48708 | Desolati | Got Qamoysiah's Volume of the Lost Persimmons
 49169 | Vaults:3 | Reached skill level 5 in Hexes
 49276 | Vaults:3 | Found a staircase to the Crypt.
 49487 | Vaults:3 | Found a huge runed gate.
 49487 | Vaults:3 | Found a huge runed gate.
 49487 | Vaults:3 | Found a huge runed gate.
 49487 | Vaults:3 | Found a huge runed gate.
 49487 | Vaults:3 | Found a huge runed gate.
 49488 | Vaults:3 | Found a huge runed gate.
 49488 | Vaults:3 | Found a huge runed gate.
 49488 | Vaults:3 | Found a huge runed gate.
 49488 | Vaults:3 | Found a huge runed gate.
 49488 | Vaults:3 | Found a huge runed gate.
 49524 | Vaults:3 | Identified the +0 plate armour of Wu Jian's Supremacy
                  | {-Cast Will++ rCorr Str+3}
 50622 | Vaults:4 | Found Pafaul's Assorted Antiques.
 50631 | Vaults:4 | Bought a runed cloak for 255 gold pieces
 51126 | Vaults:5 | Entered Level 5 of the Vaults
 51131 | Vaults:5 | Reached XP level 26. HP: 217/217 MP: 19/34
 51271 | Vaults:5 | Noticed Bai Suzhen
 51286 | Vaults:5 | Killed Bai Suzhen
 51288 | Vaults:5 | Identified the +5 kite shield "Qaomnack" {+Inv Slay+2}
 51508 | Vaults:5 | Identified the +1 leather armour "Pavvid" {-Cast +Blink
                  | rElec}
 51611 | Vaults:5 | Got a silver rune of Zot
 51760 | Vaults:5 | Identified the +7 glaive of Faunizim {elec, rElec rN+
                  | Will+}
 51936 | Vaults:5 | Found Weucee's Book Shoppe.
 52157 | Vaults:5 | Identified the staff of the Grey Skies {rF+ MP+9 Fire}
 53283 | Slime:4  | Gained mutation: You have a somewhat thin skeletal
                  | structure. (Dex +2, Stealth+) [a shining eye]
 53288 | Slime:4  | Gained mutation: Your magical capacity is low. (-10% MP) [a
                  | shining eye]
 53295 | Slime:4  | Gained mutation: You have hidden genetic defects. [a
                  | shining eye]
 53402 | Slime:4  | Gained mutation: You sometimes lose your temper in combat.
                  | [a shining eye]
 53404 | Slime:4  | Gained mutation: Your magical capacity is very low. (-20%
                  | MP) [a shining eye]
 53409 | Slime:4  | Gained mutation: You do not regenerate when monsters are
                  | visible. [a shining eye]
 53598 | Slime:5  | Entered Level 5 of the Pits of Slime
 53765 | Slime:5  | Reached XP level 27. HP: 212/224 MP: 28/28
 53809 | Slime:5  | Gained mutation: You occasionally lose the ability to drink
                  | potions when taking damage. [hidden defects]
 53957 | Slime:5  | Noticed the Royal Jelly
 53970 | Slime:5  | Killed the Royal Jelly
 54002 | Slime:5  | Found the +4 skin of Zhor {*Englaciate rC+++ SInv}
 54003 | Slime:5  | Found the +8 Vampire's Tooth {megavamp}
 54025 | Slime:5  | Got The Mysterious Archive of Solomon
 54066 | Slime:5  | Got a slimy rune of Zot
 54077 | Slime:5  | Identified the +6 double sword of Apnusmuil {vamp, Dex+2}
 54080 | Slime:5  | Got Mella's Tome of Underground Toxicants
 54086 | Slime:5  | Identified the staff of Hepliaklqana's Outrage {rElec rPois
                  | Poison}
 54120 | Slime:5  | Identified the ring "Haemiv" {rC+ rN+ Dex+3 Stlth+}
 54135 | Slime:5  | Identified the staff of Purpose {rC+ Earth}
 54151 | Slime:5  | Identified the staff of Fury {rN+ Int+5 Necro}
 54158 | Slime:5  | Identified the +9 flail "Finlus" {drain, MP+9 Stlth+}
 54506 | Lair:5   | Voluntarily entered the Abyss.
 54672 | Abyss:3  | Found a corrupted altar of Lugonu.
 54696 | Abyss:3  | Found a corrupted altar of Lugonu.
 54696 | Abyss:3  | Found a corrupted altar of Lugonu.
 54777 | Abyss:3  | Reached skill level 10 in Translocations
 54778 | Abyss:3  | Lost mutation: Your spells are a little easier to cast, but
                  | a little less powerful. [potion of mutation]
 54778 | Abyss:3  | Lost mutation: You are frail. (-10% HP) [potion of
                  | mutation]
 54778 | Abyss:3  | Lost mutation: You do not regenerate when monsters are
                  | visible. [potion of mutation]
 54778 | Abyss:3  | Lost mutation: You have an uncontrollable temper. [potion
                  | of mutation]
 54778 | Abyss:3  | Gained mutation: You have large cloven feet. [potion of
                  | mutation]
 54779 | Abyss:3  | Lost mutation: You occasionally lose the ability to drink
                  | potions when taking damage. [potion of mutation]
 54779 | Abyss:3  | Lost mutation: You passively map a small area around you.
                  | [potion of mutation]
 54779 | Abyss:3  | Lost mutation: You have hidden genetic defects. [potion of
                  | mutation]
 54848 | Abyss:3  | Found a corrupted altar of Lugonu.
 55019 | Abyss:3  | Found a corrupted altar of Lugonu.
 55023 | Abyss:3  | Found a basalt altar of Yredelemnul.
 55071 | Abyss:3  | Reached skill level 27 in Armour
 55088 | Abyss:3  | Found a basalt altar of Yredelemnul.
 55204 | Abyss:4  | Reached skill level 27 in Dodging
 55301 | Abyss:4  | Reached skill level 10 in Spellcasting
 55379 | Abyss:4  | Gained mutation: You are vulnerable to heat. (rF-) [a
                  | neqoxec]
 55380 | Abyss:4  | Gained mutation: You are dopey. (Int -2) [a neqoxec]
 55386 | Abyss:4  | Found a corrupted altar of Lugonu.
 55452 | Abyss:4  | Got an abyssal rune of Zot
 55467 | Lair:5   | Escaped the Abyss
 55708 | Orc:2    | Bought a scroll of revelation for 112 gold pieces
 55708 | Orc:2    | Bought a scroll of teleportation for 45 gold pieces
 55708 | Orc:2    | Bought a scroll of fear for 60 gold pieces
 55708 | Orc:2    | Bought a scroll of blinking for 112 gold pieces
 55708 | Orc:2    | Bought a scroll of teleportation for 45 gold pieces
 55921 | Hell     | Entered the Vestibule of Hell
 55921 | Hell     | Noticed Geryon
 55931 | Hell     | Killed Geryon
 55942 | Depths:1 | Reached skill level 10 in Invocations
 56035 | Hell     | Found a gateway to the freezing wastes of Cocytus.
 56166 | Hell     | Noticed Murray
 56323 | Depths:1 | Reached skill level 10 in Hexes
 56709 | Depths:1 | Killed Murray
 56960 | Hell     | Found a gateway to the decaying netherworld of Tartarus.
 57028 | Hell     | Found a gateway to the ashen valley of Gehenna.
 57111 | Hell     | Found a gateway to the Iron City of Dis.
 57347 | Dis:1    | Entered Level 1 of the Iron City of Dis
 57355 | Dis:1    | Noticed a dread lich
 57361 | Dis:1    | Killed a dread lich
 57560 | Dis:1    | Learned a level 6 spell: Dispersal
 58024 | Zot:1    | Entered Level 1 of the Realm of Zot
 58209 | Zot:1    | Noticed an orb of fire
 58209 | Zot:1    | Gained mutation: You do not regenerate when monsters are
                  | visible. [an orb of fire]
 58216 | Zot:1    | Killed an orb of fire
 59483 | Zot:2    | Identified the +6 arbalest of Hetip {speed, rC- Dex+5}
 60050 | Zot:3    | Reached skill level 15 in Translocations
 60051 | Zot:3    | Reached skill level 1 in Shields
 62292 | Zot:4    | Noticed an orb of fire
 62303 | Zot:4    | Gained mutation: You sometimes lose your temper in combat.
                  | [an orb of fire]
 62330 | Zot:3    | Killed an orb of fire
 63046 | Zot:4    | Noticed Grunn
 63047 | Zot:4    | Reached skill level 15 in Spellcasting
 63079 | Zot:4    | Noticed an orb of fire
 63116 | Zot:4    | HP: 11/224 [poisoned by a putrid mouth (dark miasma)]
 63118 | Zot:4    | Gained mutation: You are clumsy. (Dex -2) [an orb of fire]
 64153 | Depths:3 | Voluntarily entered the Abyss.
 64304 | Abyss:4  | Lost mutation: You occasionally shout uncontrollably at
                  | your foes. [potion of mutation]
 64304 | Abyss:4  | Lost mutation: You have large cloven feet. [potion of
                  | mutation]
 64304 | Abyss:4  | Lost mutation: You have an uncontrollable temper. [potion
                  | of mutation]
 64304 | Abyss:4  | Lost mutation: You are dopey. (Int -2) [potion of mutation]
 64304 | Abyss:4  | Gained mutation: A frigid envelope surrounds you and
                  | freezes all who hurt you. [potion of mutation]
 64305 | Abyss:4  | Lost mutation: You do not regenerate when monsters are
                  | visible. [potion of mutation]
 64305 | Abyss:4  | Lost mutation: You are clumsy. (Dex -2) [potion of
                  | mutation]
 64305 | Abyss:4  | Gained mutation: You have sharp toenails. [potion of
                  | mutation]
 64305 | Abyss:4  | Gained mutation: Your muscles are strong. (Str +4, Int/Dex
                  | -1) [potion of mutation]
 64305 | Abyss:4  | Lost mutation: You have a somewhat thin skeletal structure.
                  | (Dex +2, Stealth+) [potion of mutation]
 64382 | Depths:3 | Escaped the Abyss
 64686 | Zot:4    | Lost mutation: Your muscles are strong. (Str +4, Int/Dex
                  | -1) [an orb of fire]
 64694 | Zot:4    | Killed an orb of fire
 65568 | Zot:4    | Killed Grunn
 66485 | Zot:5    | Entered Level 5 of the Realm of Zot
 66501 | Zot:5    | Reached skill level 1 in Stealth
 66887 | Zot:5    | Reached skill level 5 in Stealth
 66999 | Zot:5    | Noticed an orb of fire
 66999 | Zot:5    | Noticed an orb of fire
 67001 | Zot:5    | Gained mutation: Armour fits poorly on your strangely
                  | shaped body. [an orb of fire]
 67004 | Zot:5    | Noticed an orb of fire
 67007 | Zot:5    | Gained mutation: You are frail. (-10% HP) [an orb of fire]
 67011 | Zot:5    | Killed an orb of fire
 67011 | Zot:5    | Killed an orb of fire
 67011 | Zot:5    | Killed an orb of fire
 67012 | Zot:5    | Reached skill level 1 in Short Blades
 67366 | Zot:5    | Reached skill level 1 in Air Magic
 67392 | Zot:5    | Reached skill level 1 in Ice Magic
 67392 | Zot:5    | Reached skill level 1 in Earth Magic
 67396 | Zot:5    | Reached skill level 1 in Fire Magic
 67403 | Zot:5    | Reached skill level 1 in Conjurations
 67412 | Zot:5    | Reached skill level 1 in Polearms
 67416 | Zot:5    | Reached skill level 1 in Summonings
 67416 | Zot:5    | Reached skill level 1 in Poison Magic
 67418 | Zot:5    | Noticed a dread lich
 67421 | Zot:5    | Noticed an orb of fire
 67424 | Zot:5    | Paralysed by a dread lich for 3 turns
 67428 | Zot:5    | Reached skill level 1 in Maces & Flails
 67428 | Zot:5    | Reached skill level 1 in Staves
 67428 | Zot:5    | Killed a dread lich
 67429 | Zot:5    | Reached skill level 1 in Long Blades
 67429 | Zot:5    | Reached skill level 1 in Axes
 67429 | Zot:5    | Killed an orb of fire
 67432 | Zot:5    | Reached skill level 1 in Necromancy
 67478 | Zot:5    | Reached skill level 1 in Transmutations
 67500 | Zot:5    | Reached skill level 10 in Stealth
 67966 | Zot:5    | Got the Orb of Zot
 68161 | D:15     | Reached skill level 1 in Throwing
 68420 | D:1      | Noticed Tiwn the pandemonium lord
 68466 | D:1      | Killed Tiwn the pandemonium lord
 68497 | D:$      | Escaped with the Orb!

Illustrated notes

Levels and vault maps discovered:
D:1:      ncdulo_wetmaze, layout_basic
D:2:      layout_basic, serial_shops, nicolae_diamond_shop, shop_fountains, shop
D:3:      layout_loops_ring, nicolae_dithmenos_shadow_blocks,
          grunt_temple_overflow_open, lemuel_crystal_altar,
          kennysheep_pointless_box, lexackson_kobold_supper
D:4:      layout_cave_pools, tgw_kikubaaqudgha,
          mainiacjoe_overflow_large_starburst, minmay_temple_entry_glass,
          gammafunk_ghost_smash, kennysheep_generic_room_4
D:5:      kennysheep_kobold_camp, layout_loops_corners,
          minmay_misc_feat_columns, saegor_snake_ambush, uniq_blork_the_orc
D:6:      layout_basic, serial_shops, nicolae_stop_n_shop_2,
          nicolae_ossuary_entry_monument
D:7:      layout_gridville, mainiacjoe_overflow_tiny_flanked, enter_bailey_3,
          minmay_misc_feat_cross, minmay_increasing_density
D:8:      layout_gridville, lair_entry_dummy, nicolae_transporter_intersection
D:9:      layout_rooms, mainiacjoe_overflow_chevrons
D:10:     nzn_winding_woodlands_medium [nzn_winding_woodlands_hourglass,
          nzn_winding_woodlands_5x15_concentric,
          nzn_winding_woodlands_5x5_closed_star,
          nzn_winding_woodlands_5x5_perimeter,
          nzn_winding_woodlands_center_pierced_h,
          nzn_winding_woodlands_5x5_default, nzn_winding_woodlands_5x5_cross,
          nzn_winding_woodlands_5x15_eye,
          nzn_winding_woodlands_5x5_checkerboard], layout_irregular_city,
          nicolae_uskayaw_suspiria, hiddenorc2_lemuel, minivault_20,
          nicolae_zen_rock_garden, kennysheep_generic_room_10
D:11:     layout_cave_pools, tgw_fedhas
D:12:     layout_basic, uniq_rupert, uniq_nergalle
D:13:     layout_loops_corners, hellmonk_vaults_keyhole, uniq_erolcha
D:14:     layout_rooms, serial_shops, bzr_entry_road
D:15:     hangedman_depths_entry_civil_slaughter, layout_basic,
          yredelemnul_altar_generic, gauntlet_entry_generic, minmay_st_funbox,
          uniq_jorgrun
Temple:   minmay_temple_bridge_abc
Lair:1:   layout_loops_ring, nzn_masters_of_martial_movement,
          infiniplex_staircase_pool, serial_bayou_shore_b, serial_bayou_shore_a
Lair:2:   layout_chaotic_city, guppyfry_snake_entry_garden, grunt_megastairs_2
Lair:3:   layout_small_grid, swamp_mist_pool
Lair:4:   layout_gridlike, slime_entry_1, lemuel_fruit_fields, uniq_urug,
          uniq_josephine
Lair:5:   hellmonk_lair_end_abyssal_woods, layout_regular_city
Swamp:1:  gammafunk_mikee_crab_dinner, layout_falls_marsh,
          nicolae_swamp_triple_paths
Swamp:2:  layout_falls_marsh, gammafunk_ghost_abyssal_escape,
          evilmike_swamp_ruin_rubble_1
Swamp:3:  layout_basic_swamp, gammafunk_ghost_mausoleum,
          nicolae_swamp_orc_logging_accident
Swamp:4:  swamp_fiery, layout_basic_swamp
Snake:1:  layout_misc_corridors, nicolae_triple_integral, minmay_shoptagon,
          uniq_frances
Snake:2:  layout_concentric_octagons, st_stairs_13,
          nicolae_snake_the_dead_are_slithering, minmay_shop_star,
          grunt_megastairs_5
Snake:3:  layout_grid_shapes, serial_shops, shop
Snake:4:  minmay_snake_end_coiled, layout_cave_town, st_stairs_3,
          grunt_ministairs_7, uniq_vashnia
Slime:1:  layout_caves, nicolae_slime_phagocytosis
Slime:2:  layout_caves
Slime:3:  layout_caves, uniq_dissolution
Slime:4:  layout_caves
Slime:5:  slime_pit_nicolae_royal_road_to_ruin
Orc:1:    layout_caves, uniq_snorg
Orc:2:    pf_orc_diabolical, layout_caves, uniq_nessos
Elf:1:    minmay_elf_arrival_summoners, layout_geoelf_grid,
          minmay_elf_necromancy, serial_sigils_hangedman_scratch,
          grunt_megastairs_4
Elf:2:    elven_hall_of_blades_hangedman_original [nooodl_blade_entry_preview],
          layout_onion_city, serial_shops, shop, uniq_louise
Elf:3:    grunt_elf_hall_asides, layout_geoelf_castle, serial_shops,
          nicolae_shop_statue_plus, shop, nicolae_shop_back_alley_shop, shop,
          shop
Vaults:1: nicolae_vaults_shrinking_rooms_2, nicolae_vaults_network_s,
          vaults_standard_mumra_lines, nicolae_vaults_closet_pinwheel_2,
          vaults_room_pool, nicolae_vaults_cornered_office,
          nicolae_vaults_taking_the_gang_shopping, vaults_mumra_lcd,
          vaults_room_pools, grunt_vaults_hallway_short,
          nicolae_vaults_tetromino_Z_1, layout_vaults_ring
Vaults:2: gammafunk_ghost_wrathful_warriors, hangedman_vaults_river_flow,
          v_pattern_5, v_alt_pattern_1, nicolae_vaults_house_3,
          nicolae_vaults_little_squares_1, v_misc_32,
          nicolae_vaults_surprise_closet_hard, layout_vaults_omnigrid,
          serial_shops, shop, uniq_margery, uniq_asterion
Vaults:3: portal_desolation_entry_garden, hangedman_vaults_stream,
          nicolae_vaults_tetromino_L_2, nicolae_vaults_doubleplus_tesselated,
          minmay_crypt_entry_simple_sparse, nicolae_vaults_shrinking_rooms_1,
          vaults_dpeg_encased_lava, v_misc_19, hangedman_vaults_capsules,
          nicolae_vaults_big_ls, nicolae_vaults_network_star, v_misc_22,
          nicolae_vaults_tetromino_T_1, not_door_vault_mu,
          nicolae_vaults_rhombus_7, nicolae_vaults_trapezoid_lopsided_3,
          ontoclasm_vaults_gateway, layout_vaults_omnibox
Vaults:4: v_misc_17, nicolae_vaults_inception_corners, nicolae_vaults_mitosis,
          nicolae_vaults_variable_pillar_hall, ontoclasm_vaults_decontamination,
          nicolae_vaults_tetromino_T_1, nicolae_vaults_wine_cellar,
          ontoclasm_vaults_chip, nicolae_vaults_turnstiles, v_misc_5,
          vaults_room_semicircle, layout_vaults_maze, serial_shops, shop
Vaults:5: uniq_bai_suzhen
Depths:1: layout_honeycomb, hangedman_decor_peaks_small, hell_entry,
          abyss_entry_small_statue_room, chequers_serial_rivers_large_b,
          evilmike_butchery, uniq_nikola
Depths:2: minmay_the_grid_3x3 [minmay_the_grid_minigrid_small,
          minmay_the_grid_fan, minmay_the_grid_minigrid_large,
          minmay_the_grid_rooms, minmay_the_grid_large_cup,
          minmay_the_grid_all_tris, minmay_the_grid_artifice,
          minmay_the_grid_slots, minmay_the_grid_prize_big_room],
          layout_honeycomb, enter_ziggurat_d, rand_demon_pan_entry_8,
          hell_entry, serial_shops, shop, grunt_ministairs_15,
          nicolae_vehumet_radiance, uniq_saint_roka
Depths:3: regret_index_nemelex_summoning_deck_glade, layout_gridlike,
          hell_entry, abyss_entry, rand_demon_pan_entry_4
Depths:4: evilmike_zot_entry_hall, layout_basic, hellmouth_3, uniq_vv,
          uniq_parghit
Hell
Dis:1:    layout_regular_city, minmay_strange_pillars
Dis:2:    layout_jigsaw
Zot:1:    layout_gridlike
Zot:2:    layout_cathedral_of_symmetry, regret_index_zotdec_barnacled_simple
Zot:3:    layout_gridlike, hangedman_zot_decor_unnerving_road,
          kennysheep_underground_church
Zot:4:    layout_basic, grunt_ministairs_5, nicolae_zig_zag_zippers, uniq_grunn
Zot:5:    layout_twisted_circle, grunt_ministairs_2, st_stairs_8

Skill      XL: |  1  2  3  4  5  6  7  8  9 10 11 12 13 14 15 16 17 18 19 20 21 22 23 24 25 26 27 |
---------------+----------------------------------------------------------------------------------+-----
Ranged Weapons | 5 6 7 8 10 12 13 15 16 18 | 18.0
Armour         | 1 2 3 4 5 6 7 8 9 10 13 18 22 25 27 | 27.0
Fighting       | 3 5 6 8 10 11 13 15 18 21 23 25 27 | 27.0
Invocations    | 2 3 4 5 7 8 11 | 11.7
Dodging        | 3 5 6 8 9 10 12 15 17 19 21 24 26 27 | 27.0
Translocations | 3 5 7 8 9 17 | 17.0
Spellcasting   | 3 5 6 7 9 15 | 15.9
Hexes          | 3 6 7 10 | 10.3
Shields        | 4 |  4.9
Stealth        | 11 | 11.0
Short Blades   | 2 |  2.5
Air Magic      | 2 |  2.0
Ice Magic      | 1 |  1.9
Earth Magic    | 1 |  1.6
Fire Magic     | 1 |  1.7
Conjurations   | 1 |  1.9
Polearms       | 1 |  1.5
Summonings     | 1 |  1.4
Poison Magic   | 1 |  1.9
Maces & Flails | 1 |  1.4
Staves         | 1 |  1.4
Long Blades    | 1 |  1.4
Axes           | 1 |  1.3
Necromancy     | 1 |  1.2
Transmutations | 1 |  1.2
Throwing       | 1 |  1.0
Evocations     | |  0.1

Action                     |  1- 3 |  4- 6 |  7- 9 | 10-12 | 13-15 | 16-18 | 19-21 | 22-24 | 25-27 || total
---------------------------+-------+-------+-------+-------+-------+-------+-------+-------+-------++-------
  Melee: Arbalest          |       |       |       |       |       |       |       |     1 |       ||     1
   Fire: Shortbow          |   111 |   158 |   397 |       |       |       |       |       |   237 ||   903
         Arbalest          |       |       |    68 |   396 |   667 |   687 |  1098 |   988 |  2157 ||  6061
   Cast: Dimensional Bulls |       |       |       |       |       |       |       |       |     3 ||     3
         Blink             |       |       |       |       |       |       |       |       |     2 ||     2
 Invoke: Slouch            |       |       |       |     1 |     3 |     7 |    21 |    15 |    47 ||    94
         Bend Time         |       |       |       |       |       |       |     1 |       |     1 ||     2
         Step From Time    |       |       |       |       |       |       |       |       |     1 ||     1
Ability: Hop               |       |     1 |     2 |     3 |     4 |     3 |     6 |     2 |    14 ||    35
  Evoke: Wand              |       |     2 |       |       |       |       |       |       |     6 ||     8
    Use: Potion            |       |       |     8 |     2 |     1 |     5 |       |       |    38 ||    54
         Scroll            |       |       |     8 |    15 |     7 |     7 |     5 |     1 |    40 ||    83
 Armour: Leather armour    |     3 |    56 |   167 |   176 |    58 |   147 |   147 |    69 |       ||   823
         Ring mail         |    25 |     5 |       |       |       |       |       |       |       ||    30
         Skin              |       |       |       |    28 |       |       |       |       |       ||    28
         Gold dragon scale |       |       |       |       |       |       |       |   160 |  1282 ||  1442
         Plate armour      |       |       |       |       |       |       |       |       |    75 ||    75
  Dodge: Dodged            |    22 |    70 |   216 |   166 |   143 |   379 |   476 |   577 |  3420 ||  5469
         Repelled          |       |       |     1 |       |    10 |     4 |       |       |       ||    15
  Block: Other             |       |       |       |       |       |       |       |       |     9 ||     9
         Reflection        |       |       |       |       |       |       |       |       |     1 ||     1

Table legend: (Time is in decaauts)
 A = Elapsed time spent in this place.
 B = Non-inter-level travel time spent in this place.
 C = Inter-level travel time spent in this place.
 D = Time resting spent in this place.
 E = Time spent auto-exploring this place.
 F = Levels seen in this place.
 G = Mean time per level.
                   A        B        C        D        E       F      G
               +--------+--------+--------+--------+--------+-----+--------+
         Total | 118746 | 103600 |  15146 |  13177 |  70011 |  65 | 1826.9 |
       Dungeon |  28503 |  23056 |   5447 |   1283 |  17969 |  15 | 1900.2 |
        Temple |     55 |     55 |      0 |      0 |      0 |   1 |   55.0 |
          Lair |  13091 |  11119 |   1972 |   1792 |   7950 |   5 | 2618.2 |
         Swamp |   7236 |   6459 |    777 |   1010 |   3812 |   4 | 1809.0 |
     Snake Pit |   7564 |   6900 |    664 |    397 |   5622 |   4 | 1891.0 |
    Slime Pits |   4017 |   3459 |    558 |    237 |   2219 |   5 |  803.4 |
  Orcish Mines |   3359 |   2584 |    775 |    289 |   1712 |   2 | 1679.5 |
   Elven Halls |   9274 |   7662 |   1612 |   1048 |   5446 |   3 | 3091.3 |
        Vaults |  11285 |  10216 |   1069 |    350 |   7764 |   5 | 2257.0 |
        Depths |  12136 |  10593 |   1543 |   1500 |   7553 |   4 | 3034.0 |
          Hell |   1003 |    949 |     54 |      0 |    597 |   1 | 1003.0 |
           Dis |    739 |    739 |      0 |    223 |    130 |   2 |  369.5 |
           Zot |  14399 |  13729 |    670 |   4224 |   7360 |   5 | 2879.8 |
         Abyss |   1956 |   1956 |      0 |      0 |    420 |   5 |  391.2 |
        Bazaar |    293 |    293 |      0 |      0 |    132 |   1 |  293.0 |
        Bailey |   1147 |   1147 |      0 |    582 |    332 |   1 | 1147.0 |
    Desolation |   1938 |   1938 |      0 |    200 |    924 |   1 | 1938.0 |
      Gauntlet |    743 |    743 |      0 |     40 |     64 |   1 |  743.0 |
               +--------+--------+--------+--------+--------+-----+--------+

Top non-repeatable levels by time:
   Zot:3: 5267 daAuts
Depths:3: 3581 daAuts
   Elf:3: 3442 daAuts
Depths:2: 3386 daAuts
    D:10: 3315 daAuts
   Elf:1: 3092 daAuts
  Lair:5: 2941 daAuts
Depths:1: 2877 daAuts
    D:12: 2774 daAuts
   Elf:2: 2739 daAuts
    D:13: 2718 daAuts
Vaults:2: 2705 daAuts
   Zot:4: 2643 daAuts
  Lair:3: 2632 daAuts
  Lair:2: 2608 daAuts
